 Dungeon Crawl Stone Soup version 0.29.1-15-g9cfb28693d (webtiles) character file.

Game seed: 3396284637558594847

549 Peloso the Slasher (level 7, -3/61 HPs)
             Began as a Minotaur Fighter on Apr 25, 2023.
             Slain by an orc priest
             ... wielding a +0 flail
              (5 damage)
             ... on level 5 of the Dungeon.
             The game lasted 00:06:02 (3388 turns).

Peloso the Slasher (Minotaur Fighter)               Turns: 3388, Time: 00:06:04

Health: -3/61      AC: 13    Str: 20    XL:     7   Next: 7%
Magic:  6/6        EV: 11    Int:  5    God:
Gold:   178        SH:  5    Dex: 12    Spells: 6/6 levels left

rFire   + . .      SeeInvis .   a - +0 falchion (pain)
rCold   + . .      Faith    .   d - +0 buckler
rNeg    . . .      Spirit   .   n - +1 chain mail
rPois   .          Reflect  .   (helmet restricted)
rElec   .          Harm     .   A - scarf {rC+ rF+}
rCorr   .          Rampage  .   z - +0 pair of gloves
Will    .....                   h - +0 pair of boots
Stlth   ..........              (no amulet)
HPRegen 0.20/turn               p - +4 ring of evasion
MPRegen 0.10/turn               (no ring)

@: no status effects
A: horns 2, retaliatory headbutt
a: no special abilities


You were on level 5 of the Dungeon.
You visited 1 branch of the dungeon, and saw 6 of its levels.

You collected 178 gold pieces.

Inventory:

Hand Weapons
 a - a +0 falchion of pain (weapon)
Armour
 b - a +0 scale mail
 c - a +0 cloak
 d - a +0 buckler (worn)
 h - a +0 pair of boots (worn)
 n - a +1 chain mail (worn)
 z - a +0 pair of gloves (worn)
 A - a scarf of resistance (worn)
Jewellery
 p - a +4 ring of evasion (left hand)
 u - a ring of fire
 y - an amulet of regeneration
Wands
 t - a wand of acid (5)
Scrolls
 j - a scroll of fear
 k - a scroll of enchant armour
 l - a scroll of butterflies
 m - a scroll of teleportation
 q - a scroll of blinking {unknown}
 r - a scroll of acquirement {unknown}
 s - a scroll of magic mapping {unknown}
 w - a scroll of enchant weapon {unknown}
Potions
 e - a potion of mutation {unknown}
 f - a potion of might
 g - 4 potions of curing
 i - a potion of resistance {unknown}
 o - 2 potions of invisibility
 v - 2 potions of brilliance
 x - a potion of haste
 B - a potion of flight {unknown}


   Skills:
 + Level 5.0 Fighting
 + Level 6.2 Long Blades
 + Level 5.6 Armour
 + Level 1.5 Dodging
 + Level 0.1 Stealth
 + Level 4.9 Shields


You had 6 spell levels left.
You didn't know any spells.
Your spell library contained the following spells:

 Spells                   Type           Power      Damage    Failure   Level
 Freeze                   Ice            0%         1d3       99%         1
 Frozen Ramparts          Ice            0%         1d1       100%        3
 Hailstorm                Conj/Ice       0%         3d3       100%        4


Dungeon Overview and Level Annotations

Branches:
Dungeon (6/15)
 Temple: D:4-7

Altars:
Qazlal
Trog
Vehumet

Annotations:
D:1 Flight
D:6 Dowan, Duvessa


Innate Abilities, Weirdness & Mutations

You have a pair of horns on your head.
You reflexively headbutt those who attack you in melee.


Message History

You block the hound's attack.
An orc priest comes into view. It is wielding a +0 flail.
You closely miss the hound.
The hound is moderately wounded.
The hound bites you but does no damage. You block the hound's attack.
You hit the hound. Your headbutt misses the hound.
The hound is heavily wounded.
You block the hound's attack.
The orc priest invokes the aid of Beogh against you.
Beogh smites you! You block the hound's attack.
You hit the hound.
The hound is severely wounded.
The hound bites you.
An orc comes into view. It is wielding a +0 hand axe.
You hit the hound.
The hound is almost dead.
The hound barely misses you.
An orc wizard comes into view. It is wielding a +0 dagger.
The hound closely misses you.
You slash the hound!
You kill the hound!
The sentinel's mark upon you fades away.
You barely miss the orc priest. You block the orc priest's attack.
You hit the orc priest but do no damage.
The orc wizard casts a spell.
The orc wizard flickers and vanishes!
Deactivating autopickup; reactivate with Ctrl-A.
The orc priest hits you with a +0 flail!
* * * LOW HITPOINT WARNING * * *
You hit the orc priest.
The orc priest is moderately wounded.
A wyvern comes into view.
The orc priest invokes the aid of Beogh against you.
Beogh smites you!
* * * LOW HITPOINT WARNING * * *
The wyvern hisses angrily.
You hit the orc priest but do no damage.
The orc priest is moderately wounded.
The orc priest hits you with a +0 flail.
You die...

### #.## #..
#.# #.# #.# #@#
#o#
#########o#####
........†{l..>#
####.####...#.#
#####.# #.# #.#
#..


You could see a wyvern, an orc priest and an orc.

Vanquished Creatures
  Menkaure (D:4)
  2 phantoms (D:4)
  A scorpion (D:4)
  2 hounds
  Terence (D:2)
  5 adders
  A shadow imp (D:5)
  A worm (D:4)
  A dart slug (D:1)
  3 bats (D:1)
  5 endoplasms
  2 giant cockroaches
  6 goblins
  14 hobgoblins
  2 jackals (D:2)
  8 quokkas
  A ball python (D:3)
  2 frilled lizards
  11 kobolds
  7 rats
76 creatures vanquished.

Notes
Turn   | Place    | Note
-------+----------+-------------------------------------------
     0 | D:1      | Peloso the Minotaur Fighter began the quest for the Orb.
     0 | D:1      | Reached XP level 1. HP: 19/19 MP: 0/0
   201 | D:1      | Reached XP level 2. HP: 27/27 MP: 1/1
   586 | D:1      | Reached XP level 3. HP: 31/33 MP: 2/2
   628 | D:1      | Reached skill level 3 in Long Blades
   889 | D:2      | Found a radiant altar of Vehumet.
  1285 | D:2      | Reached skill level 1 in Dodging
  1442 | D:2      | Noticed Terence
  1447 | D:2      | Killed Terence
  1448 | D:2      | Reached XP level 4. HP: 41/41 MP: 3/3
  2117 | D:3      | Identified the +6 dagger of the Exiled Visions {pain, rC+++
                  | Str-5 Int+4 Stlth+}
  2825 | D:4      | Reached skill level 4 in Long Blades
  2825 | D:4      | Reached XP level 5. HP: 44/47 MP: 4/4
  2880 | D:4      | Reached skill level 5 in Armour
  2930 | D:4      | Noticed a phantom
  2931 | D:4      | Noticed a phantom
  2946 | D:4      | Noticed Menkaure
  2962 | D:4      | Killed a phantom
  2963 | D:4      | Reached skill level 5 in Long Blades
  2963 | D:4      | Reached XP level 6. HP: 37/55 MP: 5/5
  2970 | D:4      | Killed Menkaure
  2971 | D:4      | Reached skill level 5 in Fighting
  2971 | D:4      | Reached skill level 6 in Long Blades
  3308 | D:4      | You fall into a shaft and drop 2 floors!
  3308 | D:6      | Found a bloodstained altar of Trog.
  3317 | D:6      | Noticed Duvessa
  3317 | D:6      | Noticed Dowan
  3333 | D:6      | Found a stormy altar of Qazlal.
  3354 | D:5      | Entered Level 5 of the Dungeon
  3379 | D:5      | Reached XP level 7. HP: 35/61 MP: 6/6
  3387 | D:5      | Noticed a wyvern
  3387 | D:5      | HP: 1/61 [orc priest/divine providence (11)]
  3388 | D:5      | Slain by an orc priest

Illustrated notes

Levels and vault maps discovered:
D:1:      sevenhm_arrival_forest_fort_small_6, layout_basic, serial_rivers,
          chequers_serial_rivers_large_a, chequers_serial_rivers_micro_a,
          chequers_serial_rivers_micro_b, chequers_serial_rivers_marsh,
          chequers_serial_rivers_room_b, chequers_serial_rivers_room_b,
          minmay_cut_off
D:2:      layout_loops_corners, basic_altar, st_stairs_1, uniq_terence
D:3:      layout_basic, nrook_uturn
D:4:      layout_rooms, uniq_menkaure
D:5:      layout_basic, nicolae_ossuary_entry_ruins
D:6:      hellmonk_destroyed_diamonds, layout_basic,
          mainiacjoe_overflow_alcove_1, mainiacjoe_overflow_cross_hatched,
          uniq_grinder, uniq_duvessa

Skill      XL: |  1  2  3  4  5  6 |
---------------+-------------------+-----
Fighting       | 4 5 |  5.0
Armour         | 4 5 |  5.6
Long Blades    | 3 4 5 6 |  6.2
Dodging        | 1 |  1.5
Shields        | 4 |  4.9
Stealth        | |  0.1

Action                   |  1- 3 |  4- 6 |  7- 9 || total
-------------------------+-------+-------+-------++-------
Melee: Long sword        |    78 |       |       ||    78
       Headbutt          |    11 |    21 |     1 ||    33
       Falchion          |       |   113 |    10 ||   123
  Use: Scroll            |       |     8 |       ||     8
       Potion            |       |     1 |       ||     1
Armor: Scale mail        |    54 |       |       ||    54
       Chain mail        |       |    56 |     1 ||    57
Dodge: Dodged            |    57 |    53 |     2 ||   112
Block: Buckler           |    26 |    30 |     5 ||    61
